 Dungeon Sprint DCSS version 0.18.1-50-g88ac8fd (webtiles) character file.

819 Kagutsuchi the Fighter (level 7, -6/111 HPs)
             Began as a Red Draconian Berserker on Oct 21, 2016.
             Was an Elder of Trog.
             Mangled by a griffon (15 damage)
             ... in the Dungeon (Sprint II: "The Violet Keep of Menkaure").
             The game lasted 00:02:50 (325 turns).

Kagutsuchi the Fighter (Red Draconian Berserker)     Turns: 325, Time: 00:02:50

Health: -6/111     AC:  6    Str: 25    XL:     7   Next: 63%
Magic:  7/7        EV: 16    Int:  5    God:    Trog [****..]
Gold:   479        SH:  0    Dex: 12    Spells: 0 memorised, 6 levels left

rFire  + . .     SeeInvis .     a - +0 falchion
rCold  . . .     Gourm    .     (armour unavailable)
rNeg   . . .     Faith    .     (no shield)
rPois  .         Spirit   .     (helmet restricted)
rElec  .         Dismiss  .     (no cloak)
rCorr  .         Reflect  .     (no gloves)
SustAt .         Harm     .     (no boots)
MR     .....     NoTele   +     (no amulet)
Stlth  ..........               (no ring)
                                (no ring)

@: berserking (expiring), very quick, not resistant to hostile enchantments,
extremely unstealthy
A: breathe fire, unfitting armour, dopey 1, fire resistance 1, mutation
resistance 1, cold-blooded, AC +6
a: Breathe Fire, Berserk, Trog's Hand, Brothers in Arms, Burn Spellbooks,
Renounce Religion


You were in the Dungeon.
You worshipped Trog.
Trog was greatly pleased with you.
You were not hungry.

You visited 1 branch You collected 729 gold pieces.
You spent 250 gold pieces at shops.

Inventory:

Hand Weapons
 a - a +0 falchion (weapon)
Scrolls
 h - a scroll of blinking
Potions
 b - 4 potions of curing
 d - 2 potions of heal wounds
 e - a potion of haste
 f - 2 potions of magic
 g - a potion of berserk rage


   Skills:
 + Level 11.0 Fighting
 + Level 10.4 Long Blades
 + Level 9.3 Dodging


You had 6 spell levels left.
You didn't know any spells.

Dungeon Overview and Level Annotations

Branches:
Dungeon (1/1)

Altars:
Cheibriados
Dithmenos
Elyvilon
Fedhas
Gozag
Kikubaaqudgha
Nemelex Xobeh
Okawaru
Pakellas
Qazlal
Ru
Sif Muna
Vehumet
Xom
Yredelemnul
Zin
The Shining One
Beogh
Jiyva
Lugonu

Shops:
D %::=?[([[}(!==!%

Annotations:
D exclusion: oklob plant


Innate Abilities, Weirdness & Mutations

You can breathe blasts of fire.
Your fiery red scales are hard (AC +6).
Your body does not fit into most forms of armour.
Your flesh is heat resistant.
You are cold-blooded and may be slowed by cold attacks.
You are dopey. (Int -2)
You are somewhat resistant to further mutation.


Message History

You are too berserk!
You hit the griffon.
The griffon is almost dead.
The griffon barely misses you. The griffon pecks you.
* * * LOW HITPOINT WARNING * * *
The griffon misses you. The griffon barely misses you.
The griffon pecks you but does no damage.
The griffon claws you!
* * * LOW HITPOINT WARNING * * *
The griffon bites you!
* * * LOW HITPOINT WARNING * * *
The griffon closely misses you. x2
Unknown command.
You hit the griffon but do no damage.
The griffon is severely wounded.
Unknown command.
You hit the griffon.
The griffon is almost dead.
The griffon bites you!
You die...

§≈≈§§≈≈§≈ ...## # ≈≈SS≈
.... #+++#+++## ...
.........# .. ≈.##+##..# #.
≈##. .##.#### +.###
≈#..#..#....# #...# ## #.#
###..#####H.# .###†#
#.##..#.H@..#
#.##.##...#..#.$#H^# #
##'.<.†# +..####..##.# [
#.##.##.# #....###...##▓▓▓▓
.###†###.##......≈≈≈≈≈≈≈≈≈≈
###...####≈≈.....≈#+#######
≈#..#..#≈≈≈≈≈≈≈..≈#_._._...
≈##.#.##≈≈≈≈≈≈≈≈§≈#._._._..
≈≈##+##≈≈≈≈≈≈≈≈≈≈≈#_._._._.


You could see 3 griffons.

Vanquished Creatures
  2 hippogriffs (D)
  Menkaure (D)
  4 necrophages (D)
  4 worker ants (D)
  3 worms (D)
14 creatures vanquished.

Vanquished Creatures (others)
  A crocodile (D)
1 creature vanquished.

Grand Total: 15 creatures vanquished

Notes
Turn   | Place    | Note
--------------------------------------------------------------
     0 | D        | Kagutsuchi the Draconian Berserker began the quest for the Orb.
     0 | D        | Reached XP level 1. HP: 19/19 MP: 1/1
     1 | D        | Noticed a necrophage
     1 | D        | Noticed a necrophage
     1 | D        | Noticed a necrophage
     1 | D        | Noticed a necrophage
     7 | D        | Killed a necrophage
     7 | D        | Reached skill level 6 in Fighting
     7 | D        | Reached skill level 5 in Long Blades
     7 | D        | Reached skill level 5 in Dodging
     7 | D        | Reached XP level 2. HP: 30/30 MP: 2/2
     7 | D        | Reached XP level 3. HP: 37/37 MP: 3/3
     7 | D        | Reached XP level 4. HP: 44/44 MP: 4/4
    13 | D        | Killed a necrophage
    13 | D        | Reached skill level 7 in Fighting
    13 | D        | Reached XP level 5. HP: 51/51 MP: 5/5
    18 | D        | Killed a necrophage
    18 | D        | Reached skill level 8 in Fighting
    22 | D        | Killed a necrophage
    22 | D        | Reached skill level 9 in Fighting
    22 | D        | Reached XP level 6. HP: 62/62 MP: 6/6
    54 | D        | Reached ** piety under Trog
   133 | D        | Reached *** piety under Trog
   155 | D        | Noticed a hippogriff
   155 | D        | Noticed a hippogriff
   160 | D        | Killed a hippogriff
   160 | D        | Reached skill level 10 in Fighting
   160 | D        | Your scales start taking on a fiery red colour.
   160 | D        | Reached XP level 7. HP: 44/72 MP: 7/7
   160 | D        | Gained mutation: Your flesh is heat resistant. [Red Draconian growth]
   164 | D        | Killed a hippogriff
   164 | D        | Reached **** piety under Trog
   164 | D        | Reached skill level 10 in Long Blades
   171 | D        | Found Ludink's Jewellery Shoppe.
   171 | D        | Found Zeosmeziv's Distillery.
   171 | D        | Found Gomowk's Distillery.
   171 | D        | Found Oblis's Antique Armour Shoppe.
   171 | D        | Found Qaleej's Jewellery Emporium.
   171 | D        | Found Wair's Gadget Shoppe.
   171 | D        | Found Nuacos's Antique Weapon Shoppe.
   171 | D        | Found Eqoth's Antique Armour Emporium.
   172 | D        | Found Bantolel's Antique Weapon Shoppe.
   172 | D        | Found Cipyulep's Antique Armour Emporium.
   172 | D        | Noticed a polar bear
   173 | D        | Found Uxuacwat's Food Emporium.
   173 | D        | Noticed a redback
   174 | D        | Found Govoahy's Magic Scroll Shoppe.
   174 | D        | Found Weosh's Jewellery Emporium.
   174 | D        | Noticed Menkaure
   174 | D        | Noticed a polar bear
   174 | D        | Noticed an oklob plant
   175 | D        | Found Uryabror's Book Shoppe.
   175 | D        | Found Ufevasao's Food Emporium.
   175 | D        | Found Fiack's Book Shoppe.
   175 | D        | Noticed a redback
   180 | D        | Bought a potion of curing for 33 gold pieces
   180 | D        | Bought a potion of curing for 33 gold pieces
   180 | D        | Bought a potion of heal wounds for 55 gold pieces
   180 | D        | Bought a potion of curing for 33 gold pieces
   187 | D        | Killed Menkaure
   187 | D        | Reached skill level 11 in Fighting
   192 | D        | Bought 2 potions of mutation for 60 gold pieces
   192 | D        | Bought a potion of curing for 36 gold pieces
   192 | D        | Gained mutation: You are somewhat resistant to further mutation. [potion of mutation]
   193 | D        | Gained mutation: You are dopey. (Int -2) [potion of mutation]
   232 | D        | Found a shimmering altar of Xom.
   232 | D        | Found a blossoming altar of Fedhas.
   233 | D        | Found a glowing golden altar of the Shining One.
   233 | D        | Found a glowing silver altar of Zin.
   234 | D        | Found a sparkling altar of Nemelex Xobeh.
   234 | D        | Found an oddly glowing altar of Pakellas.
   234 | D        | Found a snail-covered altar of Cheibriados.
   235 | D        | Found a deep blue altar of Sif Muna.
   235 | D        | Found a stormy altar of Qazlal.
   235 | D        | Found a viscous altar of Jiyva.
   236 | D        | Found an iron altar of Okawaru.
   236 | D        | Found a roughly hewn altar of Beogh.
   236 | D        | Found a white marble altar of Elyvilon.
   237 | D        | Found a basalt altar of Yredelemnul.
   237 | D        | Found a sacrificial altar of Ru.
   237 | D        | Found a radiant altar of Vehumet.
   238 | D        | Found a shadowy altar of Dithmenos.
   238 | D        | Found a corrupted altar of Lugonu.
   239 | D        | Found an opulent altar of Gozag.
   239 | D        | Found an ancient bone altar of Kikubaaqudgha.
   312 | D        | Noticed a griffon
   312 | D        | Noticed a griffon
   312 | D        | Noticed a griffon
   325 | D        | Mangled by a griffon

Skill      XL: |  1  2  3  4  5  6  7 |
---------------+----------------------+-----
Fighting       | 6 7 9 10 11 | 11.0
Long Blades    | 5 7 8 9 10 | 10.4
Dodging        | 5 6 7 8 9 |  9.3

Action                   |  1- 3 |  4- 6 |  7- 9 || total
-------------------------+-------+-------+-------++-------
Melee: Falchion          |     5 |    61 |    19 ||    85
       Tailslap          |       |    14 |     7 ||    21
Invok: Berserk           |     1 |     1 |     1 ||     3
  Use: Potion            |       |     1 |     2 ||     3
  Eat: Bread ration      |       |     1 |       ||     1
Armor: Skin              |       |     4 |     7 ||    11
Dodge: Dodged            |     2 |    32 |    25 ||    59
